 Dungeon Crawl Stone Soup version 0.31.0-11-ge490571c62 (webtiles) character file.

Game seed: 3233492113673050518

80 qw the Shooter (level 4, -3/22 (25) HPs)
             Began as a Deep Elf Hunter on Feb 3, 2024.
             Slain by Terence
             ... wielding a +4 falchion of draining
              (5 damage)
             ... on level 3 of the Dungeon.
             The game lasted 00:00:05 (1335 turns).

qw the Shooter (Deep Elf Hunter)                    Turns: 1335, Time: 00:00:05

HP:   -3/22 (25)    AC:  3    Str: 10    XL:     4   Next: 18%
MP:   6/6           EV: 12    Int: 14    God:
Gold: 94            SH:  0    Dex: 18    Spells: 3/3 levels left

rFire   . . .        a - +0 shortbow
rCold   . . .        (shield currently unavailable)
rNeg    . . .        c - +0 leather armour
rPois   .            (no helmet)
rElec   .            (no cloak)
rCorr   .            (no gloves)
SInv    .            (no boots)
Will    .....        (no amulet)
Stlth   ++           (no ring)
HPRegen 0.23/turn    (no ring)
MPRegen 0.10/turn

%: no passive effects
@: heavily drained
A: no striking features
a: no special abilities


You were on level 3 of the Dungeon.
You visited 1 branch of the dungeon, and saw 3 of its levels.

You collected 94 gold pieces.


   Skills:
 - Level 1.5 Fighting
 + Level 7.6 Ranged Weapons
 - Level 2.4 Dodging
 - Level 1.2 Stealth


You had 3 spell levels left.
You didn't know any spells.
Your spell library was empty.

Inventory:

Hand Weapons
 a - a +0 shortbow (weapon)
Armour
 c - a +0 leather armour (worn)
Potions
 d - a potion of mutation

Dungeon Overview and Level Annotations

Branches:
Dungeon (3/15)

Altars:

Annotations:
D:3 Terence


Message History

You kill the rat!
A rat comes into view.
Found 8 stones.
You shoot an arrow. The arrow hits the rat.
The rat is moderately wounded.
You shoot an arrow. The arrow closely misses the rat.
You shoot an arrow. The arrow hits the rat!
You kill the rat!
You see here a rat corpse.
A dart slug comes into view.
You shoot an arrow. The arrow hits the dart slug.
The dart slug is moderately wounded.
You hear a shout!
The dart slug launches a dart at you. The slug dart hits you.
1325 ||| FLEEEEING.
You start resting.
Terence the Incautious comes into view.
He is wielding a +4 falchion of draining and wearing a +3 scale mail of poison resistance.
1328 ||| FLEEEEING.
You shoot an arrow. The arrow barely misses Terence.
You shoot an arrow.
The arrow hits Terence but does no damage.
Terence hits you with a +4 falchion of draining!
You feel drained.
You shoot an arrow. The arrow closely misses Terence.
Terence barely misses you.
You shoot an arrow. The arrow closely misses Terence.
Terence screams, "I want your blood!" Terence closely misses you.
You shoot an arrow.
The arrow hits Terence but does no damage.
Terence hits you with a +4 falchion of draining!
You feel drained.
You shoot an arrow. The arrow closely misses Terence.
Terence completely misses you.
You shoot an arrow. The arrow hits Terence.
Terence is moderately wounded.
Terence hits you with a +4 falchion of draining.
You die...
Terence says, "Time to find some more victims."

#.#
#..##..#####.##
#.# #..##..#
#.... #.#
#..##..# #....
#.# #...#..#
#.### #.# #.#.
... #.#####
..... #.....#
...... #####.#
###... #.@.# ..
#@### #w#
#......#
#..###^w.. #...
.# #.## #. #.


You could see Terence and a dart slug.

Vanquished Creatures
  2 adders (D:2)
  3 dart slugs
  5 ball pythons
  3 bats
  5 endoplasms
  2 giant cockroaches
  4 goblins
  4 hobgoblins
  7 jackals (D:1)
  A kobold (D:2)
  5 quokkas
  3 frilled lizards (D:1)
  6 rats
50 creatures vanquished.

Notes
Turn   | Place    | Note
-------+----------+-------------------------------------------
     0 | D:1      | qw the Deep Elf Hunter began the quest for the Orb.
     0 | D:1      | Reached XP level 1. HP: 12/12 MP: 3/3
     0 | D:1      | 0 ||| qw: Version: 0.3-a-157-g843a77d
     0 | D:1      | 0 ||| qw: Game counter: 3869
     0 | D:1      | 0 ||| qw: Melee chars always use a shield: true
     0 | D:1      | 0 ||| qw: God list: Okawaru
     0 | D:1      | 0 ||| qw: Allow faded altars: false
     0 | D:1      | 0 ||| qw: Do Orc after clearing Dungeon:15 true
     0 | D:1      | 0 ||| qw: Do second Lair branch before Depths: true
     0 | D:1      | 0 ||| qw: Lair rune preference: random
     0 | D:1      | 0 ||| qw: Goals: Normal
     0 | D:1      | 0 ||| PLANNING D:1-11
   195 | D:1      | Reached XP level 2. HP: 16/16 MP: 4/4
   217 | D:1      | Reached skill level 6 in Ranged Weapons
   296 | D:1      | 296 ||| RETREEEEATING.
   316 | D:1      | Reached XP level 3. HP: 10/20 MP: 5/5
   623 | D:1      | 623 ||| READING scroll labelled JISIBO JITIL.
   624 | D:1      | 624 ||| READING scroll labelled TINISHICIRCH.
   624 | D:1      | 624 ||| IDENTIFYING white potion
   625 | D:1      | 625 ||| READING scroll labelled DUITUL LEOSUG.
   630 | D:1      | 630 ||| DROPPING scroll of butterflies.
   631 | D:1      | 631 ||| DROPPING potion of invisibility.
   742 | D:2      | Reached skill level 7 in Ranged Weapons
   842 | D:2      | HP: 5/20 [adder (4)]
   845 | D:2      | Reached XP level 4. HP: 5/25 MP: 6/6
  1210 | D:2      | 1210 ||| READING 2 scrolls of identify.
  1210 | D:2      | 1210 ||| IDENTIFYING green potion
  1211 | D:2      | 1211 ||| READING scroll of identify.
  1211 | D:2      | 1211 ||| IDENTIFYING fizzy yellow potion
  1212 | D:2      | 1212 ||| DROPPING potion of magic.
  1325 | D:3      | 1325 ||| FLEEEEING.
  1327 | D:3      | Noticed Terence
  1328 | D:3      | 1328 ||| FLEEEEING.
  1333 | D:3      | HP: 4/23 [Terence/+4 falchion of draining (7)]
  1335 | D:3      | Slain by Terence

Levels and vault maps discovered:
D:1:      psy_arrival_terrarium, layout_loops_cross, hex_medium
D:2:      layout_basic
D:3:      layout_basic, kennysheep_vampire_church, uniq_terence, uniq_natasha

Skill      XL: |  1  2  3 |
---------------+----------+-----
Ranged Weapons | 6 7 |  7.6
Fighting       | |  1.5
Dodging        | |  2.4
Stealth        | |  1.2

Action                     |  1- 3 |  4- 6 || total
---------------------------+-------+-------++-------
   Fire: Shortbow          |   107 |    39 ||   146
    Use: Scroll            |     3 |     2 ||     5
 Armour: Leather armour    |    30 |     9 ||    39
  Dodge: Dodged            |    30 |     9 ||    39

Table legend:
 A = Non-vault XP
 B = Vault XP
 C = Vault XP percentage of total XP
 D = Non-vault monster count
 E = Vault monster count
 F = Vault count percentage of total count
                 A         B        C        D         E       F
            +---------+---------+-------+---------+---------+-------
      Total |     115 |       0 |   0.0 |      50 |       0 |   0.0
            +---------+---------+-------+---------+---------+-------
        D:1 |      55 |       0 |   0.0 |      29 |       0 |   0.0
        D:2 |      54 |       0 |   0.0 |      17 |       0 |   0.0
        D:3 |       6 |       0 |   0.0 |       4 |       0 |   0.0
            +---------+---------+-------+---------+---------+-------
